Blackdemons vs Princes
(R1)
Created - 22 décembre 2012 at 19:05
Goals
|
| Blackdemons |
0 |
1 |
4 |
5 |
| Princes |
1 |
1 |
2 |
4 |
|
Shots
|
| Blackdemons |
9 |
9 |
18 |
36 |
| Princes |
13 |
6 |
11 |
30 |
|
1st period
1. Princes , David Perron 9 (Brian McGrattan, Jason Strudwick) at 11:01
Penalties :
Curtis Glencross (Cal) for Holding (Minor) at 0:52, Todd Fedoruk (MJM) for Slashing (Minor) at 3:37, P.J. Axelsson (Cal) for Tripping (Minor) at 12:23
2nd period
2. Blackdemons , Matt Moulson 8 (Sam Gagner) at 11:50 (PP)
3. Princes , P.J. Axelsson 3 (Alexander Korolyuk) at 13:13
Penalties :
Sam Gagner (MJM) for Tripping (Minor) at 8:33, Curtis Glencross (Cal) for Tripping (Minor) at 11:40, Curtis Brown (MJM) for Interference (Minor) at 14:00, Curtis Glencross (Cal) for Hooking (Minor) at 16:47, Mathieu Biron (MJM) for Hooking (Minor) at 16:47, John Madden (Cal) for Hooking (Minor) at 19:10
3rd period
4. Blackdemons , Matt Moulson 9 (Enver Lisin, Sam Gagner) at 0:04 (PP)
5. Blackdemons , Curtis Brown 7 (Radoslav Suchy, Stanislav Chistov) at 0:20
6. Princes , David Perron 10 (Rostislav Klesla) at 0:42
7. Blackdemons , Steve Konowalchuk 1 (Enver Lisin) at 5:03
8. Princes , Brian McGrattan 8 (Michael Nylander, David Perron) at 5:23
9. Blackdemons , Tomas Kopecky 7 (Matt Moulson, Sam Gagner) at 5:31
Penalties :
James Neal (MJM) for Hooking (Minor) at 9:30, Todd Fedoruk (MJM) for Tripping (Minor) at 13:25
Goalie Stats
Michal Neuvirth (MJM), 26 saves from 30 shots - (0,867), W, 5-2-1, 60:00 minutes
Jeff Deslauriers (Cal), 31 saves from 36 shots - (0,861), L, 2-5-0, 59:54 minutes
Players Stats for Blackdemons
Player Name G A P +/- PIM S H SB GA TA FO MP PP MP PK MP
------------------------------------------------------------------------------------
Curtis Brown 1 0 1 -2 2 3 3 0 1 1 8/12 16:22 1:31 0:00
Enver Lisin 0 2 2 1 0 5 2 0 0 0 1/1 15:33 3:26 2:06
Jakub Kindl 0 0 0 0 0 0 1 0 0 1 0/0 15:43 0:00 0:18
James Neal 0 0 0 -2 2 1 2 1 0 1 2/2 17:35 1:31 1:35
Karl Alzner 0 0 0 -3 0 0 0 0 0 1 0/0 17:21 3:36 0:00
Mathieu Biron 0 0 0 0 2 1 1 1 0 1 0/0 19:56 1:26 5:22
Matt Moulson 2 1 3 1 0 3 3 0 0 0 0/1 15:11 3:26 0:31
Michael Peca 0 0 0 1 0 2 1 0 2 1 4/6 14:09 0:00 2:47
Nathan Paetsch 0 0 0 -3 0 1 1 0 0 1 0/0 23:40 3:36 4:18
Peter Harrold 0 0 0 2 0 3 1 0 2 1 0/0 19:29 0:00 4:18
Radoslav Suchy 0 1 1 2 0 4 1 1 1 0 0/0 21:53 1:26 5:34
Sam Gagner 0 3 3 1 2 0 1 0 0 0 7/16 14:50 3:26 0:00
Stanislav Chistov 0 1 1 -2 0 2 2 0 0 1 0/1 16:14 1:31 0:00
Steve Konowalchuk 1 0 1 1 0 4 0 0 0 0 0/0 17:00 0:00 5:02
Todd Fedoruk 0 0 0 -1 4 1 0 0 0 0 0/1 7:06 0:05 0:00
Tomas Kopecky 1 0 1 1 0 4 3 0 0 0 0/1 14:45 0:05 2:47
Trevor Letowski 0 0 0 -1 0 0 1 1 0 0 0/0 6:22 0:05 0:00
Wayne Primeau 0 0 0 -1 0 2 0 1 0 0 4/8 12:47 0:00 5:02
Players Stats for Princes
Player Name G A P +/- PIM S H SB GA TA FO MP PP MP PK MP
------------------------------------------------------------------------------------
Alexander Korolyuk 0 1 1 1 0 3 1 0 0 0 0/0 16:00 4:32 1:13
Anthony Peluso 0 0 0 0 0 0 1 0 0 0 0/0 8:22 0:03 0:00
Brian McGrattan 1 1 2 1 0 3 3 0 1 1 1/4 21:02 5:10 1:50
Chris Thorburn 0 0 0 -1 0 1 1 0 1 0 0/1 17:09 4:32 0:00
Curtis Glencross 0 0 0 -1 6 1 3 0 0 0 1/1 14:37 0:00 0:56
David Desharnais 0 0 0 1 0 0 1 0 0 1 1/4 11:57 0:00 0:55
David Perron 2 1 3 1 0 4 4 0 2 0 0/0 19:15 5:20 0:00
Jason Strudwick 0 1 1 1 0 1 1 5 0 0 0/0 15:18 0:00 1:38
Jesse Winchester 0 0 0 -1 0 2 1 1 0 1 5/11 16:35 4:32 0:00
John Madden 0 0 0 0 2 1 0 0 2 0 1/1 8:29 0:13 1:01
Kevin Shattenkirk 0 0 0 -1 0 2 1 2 0 1 0/0 19:46 6:20 0:00
Michael Haley 0 0 0 0 0 0 1 0 0 0 0/0 6:54 0:00 0:00
Michael Nylander 0 1 1 1 0 3 2 0 0 1 14/27 22:03 5:20 2:27
Nate Prosser 0 0 0 1 0 0 1 1 0 0 0/0 19:54 3:35 1:38
Noah Welch 0 0 0 1 0 1 1 4 0 0 0/0 19:23 0:00 3:24
P.J. Axelsson 1 0 1 1 2 4 0 0 2 0 0/0 10:31 0:03 1:42
Rostislav Klesla 0 1 1 1 0 3 2 1 1 0 0/0 22:58 6:20 0:00
Sean Zimmerman 0 0 0 -1 0 1 0 1 0 1 0/0 22:41 3:35 3:24
3 Stars
1 - David Perron (Cal)
2 - Matt Moulson (MJM)
3 - Brian McGrattan (Cal)
Power Play
Blackdemons - 2 on 4 Attempt(s) - 50,00%
Princes - 0 on 5 Attempt(s) - 0,00%
Penalty Kill
Blackdemons - 5 on 5 Attempt(s) - 100,00%
- Score 0 goal in Penalty Kill
Princes - 2 on 4 Attempt(s) - 50,00%
- Score 0 goal in Penalty Kill
Official
Referees : Walsh Ian and Lee Chris
Linesman : Tim Nowak and Dan Schachte
Game Notes
No Game Note
Blackdemons
5 vs 5 Forward
Center Left Wing Right Wing Time % Phy DF OF
1 Curtis Brown James Neal Stanislav Chistov 40 1 2 2
2 Sam Gagner Matt Moulson Tomas Kopecky 30 1 2 2
3 Michael Peca Steve Konowalchuk Enver Lisin 20 0 3 2
4 Wayne Primeau Todd Fedoruk Trevor Letowski 10 0 3 2
5 vs 5 Defense
Defense Defense Time % Phy DF OF
1 Karl Alzner Nathan Paetsch 36 2 3 0
2 Mathieu Biron Jakub Kindl 32 0 3 2
3 Peter Harrold Radoslav Suchy 32 1 3 1
4 Karl Alzner Nathan Paetsch 0 0 5 0
PowerPlay Forward
Center Left Wing Right Wing Time % Phy DF OF
1 Sam Gagner Matt Moulson Enver Lisin 60 1 1 3
2 Curtis Brown James Neal Stanislav Chistov 40 1 1 3
PowerPlay Defense
Defense Defense Time % Phy DF OF
1 Karl Alzner Nathan Paetsch 60 0 2 3
2 Mathieu Biron Radoslav Suchy 40 0 2 3
Penalty Kill 4 Players Forward
Center Wing Time % Phy DF OF
1 Wayne Primeau Steve Konowalchuk 60 0 4 1
2 Michael Peca Tomas Kopecky 40 1 4 0
Penalty Kill 4 Players Defense
Defense Defense Time % Phy DF OF
1 Mathieu Biron Radoslav Suchy 60 1 4 0
2 Peter Harrold Nathan Paetsch 40 0 5 0
Penalty Kill - 3 Players Forward
Forward Time % Phy DF OF
1 Wayne Primeau 60 0 5 0
2 Michael Peca 40 0 5 0
Penalty Kill - 3 Players Defense
Defense Defense Time % Phy DF OF
1 Mathieu Biron Radoslav Suchy 60 1 4 0
2 Peter Harrold Nathan Paetsch 40 0 5 0
4 vs 4 Forward
Center Wing Time % Phy DF OF
1 Curtis Brown Stanislav Chistov 60 1 2 2
2 Wayne Primeau Steve Konowalchuk 40 0 4 1
4 vs 4 Defense
Defense Defense Time % Phy DF OF
1 Peter Harrold Nathan Paetsch 60 0 4 1
2 Jakub Kindl Radoslav Suchy 40 1 3 1
Last Minutes Offensive
Center Left Wing Right Wing Defense Defense
Curtis Brown Matt Moulson Stanislav Chistov Radoslav Suchy Nathan Paetsch
Last Minutes Defensive
Center Left Wing Right Wing Defense Defense
Michael Peca Steve Konowalchuk Wayne Primeau Radoslav Suchy Nathan Paetsch
Goaltenders
Starting : Michal Neuvirth
Backup : Jason LaBarbera
Extra Forwards
Normal : Todd Fedoruk, James Neal, Matt Moulson - PP : Todd Fedoruk, Tomas Kopecky - PK : Enver Lisin
Extra Defensemen
Normal : Jakub Kindl, Karl Alzner, Peter Harrold - PP : Karl Alzner - PK : Jakub Kindl, Karl Alzner
Penalty Shots
Stanislav Chistov, Enver Lisin, Matt Moulson, Michael Peca, James Neal
Princes
5 vs 5 Forward
Center Left Wing Right Wing Time % Phy DF OF
1 Jesse Winchester Curtis Glencross Chris Thorburn 40 1 1 3
2 Michael Nylander David Perron Brian McGrattan 40 1 1 3
3 David Desharnais Alexander Korolyuk P.J. Axelsson 15 1 2 2
4 John Madden Michael Haley Anthony Peluso 5 1 2 2
5 vs 5 Defense
Defense Defense Time % Phy DF OF
1 Noah Welch Rostislav Klesla 40 0 3 2
2 Sean Zimmerman Kevin Shattenkirk 30 0 3 2
3 Nate Prosser Jason Strudwick 20 0 3 2
4 Nate Prosser Jason Strudwick 10 0 3 2
PowerPlay Forward
Center Left Wing Right Wing Time % Phy DF OF
1 Michael Nylander David Perron Brian McGrattan 60 0 1 4
2 Jesse Winchester Alexander Korolyuk Chris Thorburn 40 0 1 4
PowerPlay Defense
Defense Defense Time % Phy DF OF
1 Kevin Shattenkirk Rostislav Klesla 60 0 2 3
2 Sean Zimmerman Nate Prosser 40 0 2 3
Penalty Kill 4 Players Forward
Center Wing Time % Phy DF OF
1 Michael Nylander P.J. Axelsson 60 1 3 1
2 John Madden Curtis Glencross 40 1 3 1
Penalty Kill 4 Players Defense
Defense Defense Time % Phy DF OF
1 Noah Welch Sean Zimmerman 60 0 4 1
2 Nate Prosser Jason Strudwick 40 0 4 1
Penalty Kill - 3 Players Forward
Forward Time % Phy DF OF
1 Michael Nylander 60 1 2 2
2 John Madden 40 1 2 2
Penalty Kill - 3 Players Defense
Defense Defense Time % Phy DF OF
1 Noah Welch Sean Zimmerman 60 1 4 0
2 Nate Prosser Jason Strudwick 40 1 4 0
4 vs 4 Forward
Center Wing Time % Phy DF OF
1 Michael Nylander David Perron 60 1 2 2
2 Curtis Glencross Brian McGrattan 40 1 2 2
4 vs 4 Defense
Defense Defense Time % Phy DF OF
1 Sean Zimmerman Rostislav Klesla 60 1 2 2
2 Noah Welch Nate Prosser 40 1 2 2
Last Minutes Offensive
Center Left Wing Right Wing Defense Defense
Michael Nylander David Perron Brian McGrattan Sean Zimmerman Rostislav Klesla
Last Minutes Defensive
Center Left Wing Right Wing Defense Defense
Michael Nylander P.J. Axelsson Brian McGrattan Jason Strudwick Sean Zimmerman
Goaltenders
Starting : Jeff Deslauriers
Backup : Manny Legace
Extra Forwards
Normal : David Perron, Brian McGrattan, Curtis Glencross - PP : John Madden, P.J. Axelsson - PK : Brian McGrattan
Extra Defensemen
Normal : Nate Prosser, Kevin Shattenkirk, Sean Zimmerman - PP : Noah Welch - PK : Rostislav Klesla, Kevin Shattenkirk
Penalty Shots
Michael Nylander, David Perron, Curtis Glencross, Alexander Korolyuk, Brian McGrattan
% Time on Ice - Blackdemons
Lines # - Real PCT - Wanted PCT - Time Play
Normal Forward
1 - 37% - 40% - 15:34
2 - 26% - 30% - 10:54
3 - 23% - 20% - 9:36
4 - 14% - 10% - 5:55
Normal Defense
1 - 36% - 36% - 15:03
2 - 32% - 32% - 13:15
3 - 33% - 32% - 13:41
4 - 0% - 0% - 0:00
PP Forward
1 - 70% - 60% - 3:31
2 - 30% - 40% - 1:31
PP Defense
1 - 72% - 60% - 3:36
2 - 28% - 40% - 1:26
PK Forward
1 - 72% - 60% - 7:08
2 - 28% - 40% - 2:47
PK Defense
1 - 57% - 60% - 5:37
2 - 43% - 40% - 4:18
PK3 Forward
1 - 0% - 60%
2 - 0% - 40%
PK3 Defense
1 - 0% - 60%
2 - 0% - 40%
44 Forward
1 - 75% - 60% - 1:29
2 - 25% - 40% - 0:30
44 Defense
1 - 55% - 60% - 1:06
2 - 45% - 40% - 0:53
Last Minute Offensive - 0:00
Last Minute Defensive - 1:05
Total
Forward - 60:00
Defense - 60:00
|
% Time on Ice - Princes
Lines # - Real PCT - Wanted PCT - Time Play
Normal Forward
1 - 31% - 40% - 13:04
2 - 33% - 40% - 13:56
3 - 19% - 15% - 8:06
4 - 16% - 5% - 6:54
Normal Defense
1 - 39% - 40% - 16:33
2 - 31% - 30% - 13:10
3 - 21% - 20% - 8:57
4 - 8% - 10% - 3:20
PP Forward
1 - 54% - 60% - 5:23
2 - 46% - 40% - 4:32
PP Defense
1 - 64% - 60% - 6:20
2 - 36% - 40% - 3:35
PK Forward
1 - 74% - 60% - 3:43
2 - 26% - 40% - 1:19
PK Defense
1 - 68% - 60% - 3:24
2 - 32% - 40% - 1:38
PK3 Forward
1 - 0% - 60%
2 - 0% - 40%
PK3 Defense
1 - 0% - 60%
2 - 0% - 40%
44 Forward
1 - 65% - 60% - 1:17
2 - 35% - 40% - 0:42
44 Defense
1 - 55% - 60% - 1:05
2 - 45% - 40% - 0:54
Last Minute Offensive - 1:04
Last Minute Defensive - 0:00
Total
Forward - 60:00
Defense - 60:00
|
Play by Play
1st period
0:01 of 1st period - Curtis Brown wins face-off versus Chris Thorburn in neutral zone.
0:04 of 1st period - Rostislav Klesla is hit by Curtis Brown and loses puck.
0:13 of 1st period - Wrist shot by Stanislav Chistov.
0:13 of 1st period - Shot Blocked by Noah Welch.
0:15 of 1st period - Snap shot by Nathan Paetsch.
0:15 of 1st period - Stopped by Jeff Deslauriers without a rebound.
0:16 of 1st period - Sam Gagner wins face-off versus Brian McGrattan in Princes zone.
0:27 of 1st period - Wrist shot by Matt Moulson.
0:27 of 1st period - Stopped by Jeff Deslauriers without a rebound.
0:28 of 1st period - Michael Peca wins face-off versus David Desharnais in Princes zone.
0:31 of 1st period - Slapshot by Michael Peca.
0:31 of 1st period - Shot Blocked by Jason Strudwick.
0:33 of 1st period - Snap shot by Michael Peca.
0:33 of 1st period - Shot Misses the Net.
0:35 of 1st period - Wrist shot by Peter Harrold.
0:35 of 1st period - Shot Misses the Net.
0:37 of 1st period - Snap shot by Michael Peca.
0:37 of 1st period - Shot Misses the Net.
0:52 of 1st period - Minor Penalty to Curtis Glencross for Holding.
0:53 of 1st period - Sam Gagner wins face-off versus Michael Nylander in Princes zone.
2:50 of 1st period - Nate Prosser is hit by Tomas Kopecky.
2:52 of 1st period - Penalty to Curtis Glencross is over, Curtis Glencross is back on ice.
2:58 of 1st period - Slapshot by Michael Nylander.
2:58 of 1st period - Shot Misses the Net.
3:10 of 1st period - Snap shot by P.J. Axelsson.
3:10 of 1st period - Deflect By Curtis Glencross.
3:10 of 1st period - Shot Blocked by Trevor Letowski.
3:10 of 1st period - Puck is out of play.
3:11 of 1st period - Michael Peca wins face-off versus Jesse Winchester in Blackdemons zone.
3:11 of 1st period - Michael Peca is hit by Curtis Glencross.
3:19 of 1st period - Curtis Glencross is hit by Enver Lisin and loses puck.
3:37 of 1st period - Minor Penalty to Todd Fedoruk for Slashing.
3:38 of 1st period - Michael Nylander wins face-off versus Wayne Primeau in Blackdemons zone.
3:39 of 1st period - Slapshot by David Perron.
3:39 of 1st period - Shot Misses the Net.
3:41 of 1st period - Snap shot by Michael Nylander.
3:41 of 1st period - Stopped by Michal Neuvirth with a rebound.
3:43 of 1st period - Snap shot by Rostislav Klesla.
3:43 of 1st period - Stopped by Michal Neuvirth with a rebound.
3:45 of 1st period - Slapshot by David Perron.
3:45 of 1st period - Stopped by Michal Neuvirth with a rebound.
4:11 of 1st period - Wrist shot by Alexander Korolyuk.
4:11 of 1st period - Stopped by Michal Neuvirth with a rebound.
4:13 of 1st period - Backhand shot by Jesse Winchester.
4:13 of 1st period - Stopped by Michal Neuvirth with a rebound.
5:10 of 1st period - Rostislav Klesla is hit by James Neal and loses puck.
5:37 of 1st period - Penalty to Todd Fedoruk is over, Todd Fedoruk is back on ice.
5:46 of 1st period - Off-side.
5:47 of 1st period - John Madden wins face-off versus Sam Gagner in neutral zone.
6:32 of 1st period - Icing by Michael Peca.
6:33 of 1st period - Michael Nylander wins face-off versus Michael Peca in Blackdemons zone.
6:38 of 1st period - Snap shot by David Perron.
6:38 of 1st period - Shot Misses the Net.
6:54 of 1st period - Snap shot by Enver Lisin.
6:54 of 1st period - Stopped by Jeff Deslauriers with a rebound.
6:56 of 1st period - Slapshot by Radoslav Suchy.
6:56 of 1st period - Shot Misses the Net.
6:58 of 1st period - Wrist shot by Steve Konowalchuk.
6:58 of 1st period - Shot Misses the Net.
7:14 of 1st period - Snap shot by Enver Lisin.
7:14 of 1st period - Shot Blocked by Noah Welch.
7:16 of 1st period - Snap shot by Steve Konowalchuk.
7:16 of 1st period - Stopped by Jeff Deslauriers without a rebound.
7:17 of 1st period - Curtis Glencross wins face-off versus Curtis Brown in Princes zone.
7:42 of 1st period - Alexander Korolyuk is hit by Trevor Letowski and loses puck.
8:41 of 1st period - Snap shot by Chris Thorburn.
8:41 of 1st period - Shot Hit the Post.
9:07 of 1st period - Snap shot by P.J. Axelsson.
9:07 of 1st period - Stopped by Michal Neuvirth with a rebound.
9:45 of 1st period - Slapshot by Tomas Kopecky.
9:45 of 1st period - Stopped by Jeff Deslauriers without a rebound.
9:46 of 1st period - Curtis Brown wins face-off versus Michael Nylander in Princes zone.
10:21 of 1st period - Wrist shot by Curtis Glencross.
10:21 of 1st period - Shot Misses the Net.
10:41 of 1st period - Michael Peca is hit by Rostislav Klesla and loses puck.
10:51 of 1st period - Icing by Todd Fedoruk.
10:52 of 1st period - Brian McGrattan wins face-off versus Wayne Primeau in Blackdemons zone.
10:53 of 1st period - Snap shot by David Perron.
10:53 of 1st period - Shot Misses the Net.
11:01 of 1st period - Snap shot by David Perron.
11:01 of 1st period - Goal by David Perron - Blackdemons : 0 - Princes : 1.
11:02 of 1st period - Jesse Winchester wins face-off versus Curtis Brown in neutral zone.
11:27 of 1st period - Radoslav Suchy is hit by Brian McGrattan and loses puck.
11:39 of 1st period - Snap shot by Radoslav Suchy.
11:39 of 1st period - Stopped by Jeff Deslauriers with a rebound.
11:41 of 1st period - Slapshot by Radoslav Suchy.
11:41 of 1st period - Stopped by Jeff Deslauriers with a rebound.
11:43 of 1st period - Snap shot by Stanislav Chistov.
11:43 of 1st period - Stopped by Jeff Deslauriers with a rebound.
11:45 of 1st period - Slapshot by Peter Harrold.
11:45 of 1st period - Deflect By Curtis Brown.
11:45 of 1st period - Shot Misses the Net.
11:45 of 1st period - Puck is out of play.
11:46 of 1st period - Sam Gagner wins face-off versus Jesse Winchester in Princes zone.
12:23 of 1st period - Minor Penalty to P.J. Axelsson for Tripping.
12:24 of 1st period - Michael Nylander wins face-off versus Sam Gagner in Princes zone.
12:24 of 1st period - Michael Nylander is hit by Enver Lisin.
13:22 of 1st period - Snap shot by Curtis Glencross.
13:22 of 1st period - Shot Misses the Net.
13:24 of 1st period - Slapshot by Noah Welch.
13:24 of 1st period - Stopped by Michal Neuvirth with a rebound.
14:23 of 1st period - Penalty to P.J. Axelsson is over, P.J. Axelsson is back on ice.
14:37 of 1st period - Slapshot by Nate Prosser.
14:37 of 1st period - Shot Misses the Net.
15:08 of 1st period - Wrist shot by Curtis Brown.
15:08 of 1st period - Stopped by Jeff Deslauriers without a rebound.
15:09 of 1st period - Michael Nylander wins face-off versus Curtis Brown in Princes zone.
15:22 of 1st period - Radoslav Suchy is hit by Noah Welch and loses puck.
15:39 of 1st period - Snap shot by P.J. Axelsson.
15:39 of 1st period - Stopped by Michal Neuvirth with a rebound.
15:41 of 1st period - Slapshot by Noah Welch.
15:41 of 1st period - Shot Misses the Net.
15:43 of 1st period - Slapshot by Noah Welch.
15:43 of 1st period - Shot Misses the Net.
16:00 of 1st period - Radoslav Suchy is hit by Jesse Winchester and loses puck.
16:15 of 1st period - Snap shot by John Madden.
16:15 of 1st period - Shot Misses the Net.
16:17 of 1st period - Slapshot by Kevin Shattenkirk.
16:17 of 1st period - Shot Blocked by Wayne Primeau.
16:19 of 1st period - Slapshot by John Madden.
16:19 of 1st period - Stopped by Michal Neuvirth with a rebound.
16:21 of 1st period - Slapshot by Sean Zimmerman.
16:21 of 1st period - Shot Misses the Net.
16:23 of 1st period - Slapshot by Kevin Shattenkirk.
16:23 of 1st period - Stopped by Michal Neuvirth with a rebound.
16:53 of 1st period - Michael Peca is hit by Nate Prosser and loses puck.
16:58 of 1st period - Slapshot by P.J. Axelsson.
16:58 of 1st period - Shot Blocked by Radoslav Suchy.
17:50 of 1st period - Chris Thorburn is hit by Jakub Kindl.
18:12 of 1st period - Wrist shot by John Madden.
18:12 of 1st period - Shot Misses the Net.
18:34 of 1st period - Snap shot by Alexander Korolyuk.
18:34 of 1st period - Stopped by Michal Neuvirth with a rebound.
18:38 of 1st period - Wrist shot by P.J. Axelsson.
18:38 of 1st period - Shot Misses the Net.
18:40 of 1st period - Backhand shot by P.J. Axelsson.
18:40 of 1st period - Stopped by Michal Neuvirth with a rebound.
2nd period
0:01 of 2nd period - Jesse Winchester wins face-off versus Sam Gagner in neutral zone.
0:26 of 2nd period - Noah Welch is hit by Michael Peca and loses puck.
0:53 of 2nd period - Snap shot by Chris Thorburn.
0:53 of 2nd period - Stopped by Michal Neuvirth with a rebound.
1:23 of 2nd period - Tomas Kopecky is hit by Brian McGrattan and loses puck.
2:05 of 2nd period - Wrist shot by Todd Fedoruk.
2:05 of 2nd period - Shot Blocked by Kevin Shattenkirk.
2:07 of 2nd period - Slapshot by Todd Fedoruk.
2:07 of 2nd period - Stopped by Jeff Deslauriers with a rebound.
3:54 of 2nd period - David Desharnais is hit by Matt Moulson and loses puck.
4:03 of 2nd period - Slapshot by Matt Moulson.
4:03 of 2nd period - Shot Misses the Net.
5:41 of 2nd period - Nathan Paetsch is hit by Curtis Glencross and loses puck.
5:52 of 2nd period - Karl Alzner is hit by David Desharnais and loses puck.
5:57 of 2nd period - Snap shot by Alexander Korolyuk.
5:57 of 2nd period - Shot Blocked by James Neal.
5:59 of 2nd period - Slapshot by Jason Strudwick.
5:59 of 2nd period - Shot Misses the Net.
6:07 of 2nd period - Nathan Paetsch is hit by Brian McGrattan and loses puck.
6:21 of 2nd period - Slapshot by Stanislav Chistov.
6:21 of 2nd period - Stopped by Jeff Deslauriers without a rebound.
6:22 of 2nd period - Jesse Winchester wins face-off versus Sam Gagner in Princes zone.
6:49 of 2nd period - Wrist shot by Steve Konowalchuk.
6:49 of 2nd period - Shot Misses the Net.
6:51 of 2nd period - Slapshot by Radoslav Suchy.
6:51 of 2nd period - Shot Misses the Net.
6:55 of 2nd period - Snap shot by Enver Lisin.
6:55 of 2nd period - Stopped by Jeff Deslauriers with a rebound.
6:57 of 2nd period - Slapshot by Steve Konowalchuk.
6:57 of 2nd period - Shot Blocked by Jason Strudwick.
7:09 of 2nd period - Wrist shot by Wayne Primeau.
7:09 of 2nd period - Stopped by Jeff Deslauriers with a rebound.
7:11 of 2nd period - Wrist shot by Wayne Primeau.
7:11 of 2nd period - Shot Misses the Net.
7:13 of 2nd period - Snap shot by Wayne Primeau.
7:13 of 2nd period - Shot Misses the Net.
7:15 of 2nd period - Wrist shot by Todd Fedoruk.
7:15 of 2nd period - Shot Blocked by Jason Strudwick.
7:17 of 2nd period - Snap shot by Wayne Primeau.
7:17 of 2nd period - Deflect By Trevor Letowski.
7:17 of 2nd period - Shot Blocked by Jason Strudwick.
7:17 of 2nd period - Puck is out of play.
7:18 of 2nd period - Jesse Winchester wins face-off versus Sam Gagner in Princes zone.
7:18 of 2nd period - Jesse Winchester is hit by Tomas Kopecky.
7:26 of 2nd period - Snap shot by Curtis Glencross.
7:26 of 2nd period - Stopped by Michal Neuvirth with a rebound.
7:28 of 2nd period - Snap shot by Rostislav Klesla.
7:28 of 2nd period - Stopped by Michal Neuvirth with a rebound.
8:05 of 2nd period - Steve Konowalchuk is hit by Alexander Korolyuk.
8:30 of 2nd period - Snap shot by Todd Fedoruk.
8:30 of 2nd period - Shot Blocked by Kevin Shattenkirk.
8:32 of 2nd period - Slapshot by Peter Harrold.
8:32 of 2nd period - Stopped by Jeff Deslauriers without a rebound.
8:33 of 2nd period - Michael Nylander wins face-off versus Sam Gagner in Princes zone.
8:33 of 2nd period - Minor Penalty to Sam Gagner for Tripping.
8:34 of 2nd period - Wayne Primeau wins face-off versus Michael Nylander in Blackdemons zone.
8:34 of 2nd period - Wayne Primeau is hit by David Perron.
8:46 of 2nd period - Mathieu Biron is hit by Kevin Shattenkirk and loses puck.
9:13 of 2nd period - Tomas Kopecky is hit by Chris Thorburn and loses puck.
10:17 of 2nd period - Kevin Shattenkirk is hit by Peter Harrold and loses puck.
10:33 of 2nd period - Penalty to Sam Gagner is over, Sam Gagner is back on ice.
10:49 of 2nd period - John Madden is hit by James Neal and loses puck.
11:12 of 2nd period - Steve Konowalchuk is hit by Rostislav Klesla and loses puck.
11:23 of 2nd period - Kevin Shattenkirk is hit by Matt Moulson and loses puck.
11:40 of 2nd period - Minor Penalty to Curtis Glencross for Tripping.
11:41 of 2nd period - Michael Nylander wins face-off versus Sam Gagner in Princes zone.
11:50 of 2nd period - Slapshot by Matt Moulson.
11:50 of 2nd period - Goal by Matt Moulson - Blackdemons : 1 - Princes : 1.
11:51 of 2nd period - Michael Nylander wins face-off versus Sam Gagner in neutral zone.
12:23 of 2nd period - Slapshot by Radoslav Suchy.
12:23 of 2nd period - Deflect By James Neal.
12:23 of 2nd period - Stopped by Jeff Deslauriers without a rebound.
12:24 of 2nd period - Sam Gagner wins face-off versus Jesse Winchester in Princes zone.
13:03 of 2nd period - Snap shot by Tomas Kopecky.
13:03 of 2nd period - Stopped by Jeff Deslauriers without a rebound.
13:04 of 2nd period - James Neal wins face-off versus David Desharnais in Princes zone.
13:13 of 2nd period - Wrist shot by P.J. Axelsson.
13:13 of 2nd period - Goal by P.J. Axelsson - Blackdemons : 1 - Princes : 2.
13:14 of 2nd period - Curtis Brown wins face-off versus Brian McGrattan in neutral zone.
13:46 of 2nd period - P.J. Axelsson is hit by Curtis Brown and loses puck.
14:00 of 2nd period - Minor Penalty to Curtis Brown for Interference.
14:01 of 2nd period - Wayne Primeau wins face-off versus Michael Nylander in Blackdemons zone.
14:39 of 2nd period - Slapshot by Alexander Korolyuk.
14:39 of 2nd period - Stopped by Michal Neuvirth without a rebound.
14:40 of 2nd period - Wayne Primeau wins face-off versus Jesse Winchester in Blackdemons zone.
15:05 of 2nd period - Peter Harrold is hit by Michael Nylander and loses puck.
15:44 of 2nd period - Slapshot by Enver Lisin.
15:44 of 2nd period - Stopped by Jeff Deslauriers without a rebound.
15:45 of 2nd period - Enver Lisin wins face-off versus Jesse Winchester in Princes zone.
16:00 of 2nd period - Penalty to Curtis Brown is over, Curtis Brown is back on ice.
16:12 of 2nd period - Wrist shot by John Madden.
16:12 of 2nd period - Shot Hit the Post.
16:14 of 2nd period - Slapshot by Jason Strudwick.
16:14 of 2nd period - Stopped by Michal Neuvirth with a rebound.
16:16 of 2nd period - Slapshot by Nate Prosser.
16:16 of 2nd period - Deflect By Michael Haley.
16:16 of 2nd period - Shot Misses the Net.
16:16 of 2nd period - Puck is out of play.
16:17 of 2nd period - Michael Nylander wins face-off versus Sam Gagner in Blackdemons zone.
16:22 of 2nd period - Slapshot by David Perron.
16:22 of 2nd period - Shot Blocked by Mathieu Biron.
16:47 of 2nd period - Minor Penalty to Curtis Glencross for Hooking.
16:47 of 2nd period - Minor Penalty to Mathieu Biron for Hooking.
16:48 of 2nd period - Curtis Brown wins face-off versus Michael Nylander in neutral zone.
17:13 of 2nd period - David Perron is hit by Nathan Paetsch and loses puck.
17:40 of 2nd period - Slapshot by Brian McGrattan.
17:40 of 2nd period - Shot Misses the Net.
18:11 of 2nd period - Icing by Radoslav Suchy.
18:12 of 2nd period - Michael Nylander wins face-off versus Todd Fedoruk in Blackdemons zone.
18:35 of 2nd period - David Desharnais is hit by Stanislav Chistov and loses puck.
18:47 of 2nd period - Penalty to Curtis Glencross is over, Curtis Glencross is back on ice.
18:47 of 2nd period - Penalty to Mathieu Biron is over, Mathieu Biron is back on ice.
19:10 of 2nd period - Minor Penalty to John Madden for Hooking.
19:11 of 2nd period - Sam Gagner wins face-off versus Michael Nylander in Princes zone.
19:45 of 2nd period - Snap shot by Mathieu Biron.
19:45 of 2nd period - Shot Misses the Net.
19:47 of 2nd period - Slapshot by James Neal.
19:47 of 2nd period - Shot Blocked by Sean Zimmerman.
3rd period
0:01 of 3rd period - Sam Gagner wins face-off versus Michael Nylander in neutral zone.
0:04 of 3rd period - Snap shot by Matt Moulson.
0:04 of 3rd period - Goal by Matt Moulson - Blackdemons : 2 - Princes : 2.
0:05 of 3rd period - Curtis Brown wins face-off versus Michael Nylander in neutral zone.
0:16 of 3rd period - Snap shot by Stanislav Chistov.
0:16 of 3rd period - Shot Blocked by Noah Welch.
0:18 of 3rd period - Slapshot by Radoslav Suchy.
0:18 of 3rd period - Stopped by Jeff Deslauriers with a rebound.
0:20 of 3rd period - Slapshot by Curtis Brown.
0:20 of 3rd period - Goal by Curtis Brown - Blackdemons : 3 - Princes : 2.
0:21 of 3rd period - Michael Nylander wins face-off versus Curtis Brown in neutral zone.
0:30 of 3rd period - Snap shot by David Perron.
0:30 of 3rd period - Stopped by Michal Neuvirth without a rebound.
0:31 of 3rd period - James Neal wins face-off versus Michael Nylander in Blackdemons zone.
0:42 of 3rd period - Slapshot by David Perron.
0:42 of 3rd period - Goal by David Perron - Blackdemons : 3 - Princes : 3.
0:43 of 3rd period - Curtis Brown wins face-off versus Jesse Winchester in neutral zone.
1:33 of 3rd period - Alexander Korolyuk is hit by Radoslav Suchy and loses puck.
1:46 of 3rd period - Backhand shot by Curtis Brown.
1:46 of 3rd period - Shot Misses the Net.
1:48 of 3rd period - Backhand shot by Peter Harrold.
1:48 of 3rd period - Stopped by Jeff Deslauriers without a rebound.
1:49 of 3rd period - Michael Nylander wins face-off versus Matt Moulson in Princes zone.
1:54 of 3rd period - Tomas Kopecky is hit by David Perron and loses puck.
2:15 of 3rd period - Karl Alzner is hit by Curtis Glencross and loses puck.
2:47 of 3rd period - Icing by Steve Konowalchuk.
2:48 of 3rd period - Michael Peca wins face-off versus Michael Nylander in Blackdemons zone.
2:57 of 3rd period - Sean Zimmerman is hit by Mathieu Biron.
3:09 of 3rd period - Slapshot by Steve Konowalchuk.
3:09 of 3rd period - Shot Misses the Net.
3:21 of 3rd period - Wrist shot by Enver Lisin.
3:21 of 3rd period - Shot Misses the Net.
3:29 of 3rd period - Slapshot by Michael Peca.
3:29 of 3rd period - Stopped by Jeff Deslauriers with a rebound.
3:31 of 3rd period - Snap shot by Michael Peca.
3:31 of 3rd period - Stopped by Jeff Deslauriers with a rebound.
3:33 of 3rd period - Slapshot by Jakub Kindl.
3:33 of 3rd period - Shot Misses the Net.
3:35 of 3rd period - Slapshot by Mathieu Biron.
3:35 of 3rd period - Shot Misses the Net.
3:37 of 3rd period - Wrist shot by Mathieu Biron.
3:37 of 3rd period - Stopped by Jeff Deslauriers with a rebound.
4:11 of 3rd period - Snap shot by Enver Lisin.
4:11 of 3rd period - Shot Misses the Net.
4:13 of 3rd period - Slapshot by Mathieu Biron.
4:13 of 3rd period - Shot Blocked by Jesse Winchester.
4:25 of 3rd period - Slapshot by Chris Thorburn.
4:25 of 3rd period - Shot Misses the Net.
4:35 of 3rd period - Wrist shot by Steve Konowalchuk.
4:35 of 3rd period - Shot Misses the Net.
4:45 of 3rd period - Snap shot by Enver Lisin.
4:45 of 3rd period - Stopped by Jeff Deslauriers with a rebound.
5:03 of 3rd period - Wrist shot by Steve Konowalchuk.
5:03 of 3rd period - Goal by Steve Konowalchuk - Blackdemons : 4 - Princes : 3.
5:04 of 3rd period - Michael Nylander wins face-off versus Stanislav Chistov in neutral zone.
5:09 of 3rd period - Wrist shot by Michael Nylander.
5:09 of 3rd period - Stopped by Michal Neuvirth without a rebound.
5:10 of 3rd period - Curtis Brown wins face-off versus Michael Nylander in Blackdemons zone.
5:10 of 3rd period - Curtis Brown is hit by David Perron.
5:16 of 3rd period - Snap shot by Brian McGrattan.
5:16 of 3rd period - Stopped by Michal Neuvirth with a rebound.
5:21 of 3rd period - Wrist shot by Brian McGrattan.
5:21 of 3rd period - Stopped by Michal Neuvirth with a rebound.
5:23 of 3rd period - Snap shot by Brian McGrattan.
5:23 of 3rd period - Goal by Brian McGrattan - Blackdemons : 4 - Princes : 4.
5:24 of 3rd period - Sam Gagner wins face-off versus Michael Nylander in neutral zone.
5:29 of 3rd period - Snap shot by Matt Moulson.
5:29 of 3rd period - Shot Blocked by Rostislav Klesla.
5:31 of 3rd period - Slapshot by Tomas Kopecky.
5:31 of 3rd period - Goal by Tomas Kopecky - Blackdemons : 5 - Princes : 4.
5:32 of 3rd period - Curtis Brown wins face-off versus Brian McGrattan in neutral zone.
6:02 of 3rd period - Slapshot by Jesse Winchester.
6:02 of 3rd period - Stopped by Michal Neuvirth with a rebound.
7:34 of 3rd period - Snap shot by Todd Fedoruk.
7:34 of 3rd period - Deflect By Wayne Primeau.
7:34 of 3rd period - Stopped by Jeff Deslauriers with a rebound.
7:42 of 3rd period - Slapshot by Sean Zimmerman.
7:42 of 3rd period - Deflect By Radoslav Suchy.
7:42 of 3rd period - Stopped by Michal Neuvirth with a rebound.
8:22 of 3rd period - Snap shot by Tomas Kopecky.
8:22 of 3rd period - Stopped by Jeff Deslauriers without a rebound.
8:23 of 3rd period - Jesse Winchester wins face-off versus Tomas Kopecky in Princes zone.
8:28 of 3rd period - Nate Prosser is hit by Sam Gagner and loses puck.
9:02 of 3rd period - Wrist shot by Curtis Brown.
9:02 of 3rd period - Shot Misses the Net.
9:22 of 3rd period - John Madden is hit by Curtis Brown and loses puck.
9:29 of 3rd period - Snap shot by Curtis Brown.
9:29 of 3rd period - Shot Misses the Net.
9:30 of 3rd period - Minor Penalty to James Neal for Hooking.
9:31 of 3rd period - Wayne Primeau wins face-off versus Michael Nylander in Blackdemons zone.
10:08 of 3rd period - Peter Harrold is hit by David Perron and loses puck.
11:30 of 3rd period - Penalty to James Neal is over, James Neal is back on ice.
12:27 of 3rd period - Snap shot by Trevor Letowski.
12:27 of 3rd period - Shot Misses the Net.
12:29 of 3rd period - Slapshot by Karl Alzner.
12:29 of 3rd period - Shot Blocked by Noah Welch.
12:31 of 3rd period - Snap shot by Wayne Primeau.
12:31 of 3rd period - Shot Misses the Net.
12:53 of 3rd period - Tomas Kopecky is hit by Jason Strudwick and loses puck.
13:25 of 3rd period - Minor Penalty to Todd Fedoruk for Tripping.
13:26 of 3rd period - Michael Nylander wins face-off versus Wayne Primeau in Blackdemons zone.
13:33 of 3rd period - Snap shot by Michael Nylander.
13:33 of 3rd period - Stopped by Michal Neuvirth with a rebound.
13:35 of 3rd period - Slapshot by Kevin Shattenkirk.
13:35 of 3rd period - Stopped by Michal Neuvirth with a rebound.
13:37 of 3rd period - Snap shot by Rostislav Klesla.
13:37 of 3rd period - Stopped by Michal Neuvirth without a rebound.
13:38 of 3rd period - Michael Nylander wins face-off versus Wayne Primeau in Blackdemons zone.
14:56 of 3rd period - Radoslav Suchy is hit by Michael Nylander and loses puck.
15:25 of 3rd period - Penalty to Todd Fedoruk is over, Todd Fedoruk is back on ice.
15:43 of 3rd period - Karl Alzner is hit by Michael Haley and loses puck.
16:08 of 3rd period - Nate Prosser is hit by Matt Moulson and loses puck.
16:43 of 3rd period - Tomas Kopecky is hit by Anthony Peluso and loses puck.
16:54 of 3rd period - Snap shot by Enver Lisin.
16:54 of 3rd period - Stopped by Jeff Deslauriers without a rebound.
16:55 of 3rd period - Michael Peca wins face-off versus David Desharnais in Princes zone.
17:04 of 3rd period - Wrist shot by Steve Konowalchuk.
17:04 of 3rd period - Shot Misses the Net.
17:22 of 3rd period - Chris Thorburn is hit by Stanislav Chistov and loses puck.
18:28 of 3rd period - Snap shot by Curtis Brown.
18:28 of 3rd period - Stopped by Jeff Deslauriers with a rebound.
18:40 of 3rd period - Jason Strudwick is hit by Tomas Kopecky and loses puck.
18:45 of 3rd period - Wrist shot by Matt Moulson.
18:45 of 3rd period - Shot Misses the Net.
18:47 of 3rd period - Backhand shot by Matt Moulson.
18:47 of 3rd period - Shot Blocked by Jason Strudwick.
18:49 of 3rd period - Snap shot by Radoslav Suchy.
18:49 of 3rd period - Stopped by Jeff Deslauriers with a rebound.
18:51 of 3rd period - Slapshot by Peter Harrold.
18:51 of 3rd period - Stopped by Jeff Deslauriers with a rebound.
19:12 of 3rd period - Slapshot by Steve Konowalchuk.
19:12 of 3rd period - Stopped by Jeff Deslauriers with a rebound.
19:14 of 3rd period - Backhand shot by Nathan Paetsch.
19:14 of 3rd period - Shot Blocked by Nate Prosser.
19:40 of 3rd period - Slapshot by Steve Konowalchuk.
19:40 of 3rd period - Stopped by Jeff Deslauriers without a rebound.
19:41 of 3rd period - Bruce Boudreau call a timeout for Princes.
19:41 of 3rd period - David Desharnais wins face-off versus Michael Peca in Princes zone.
19:54 of 3rd period - Princes, Jeff Deslauriers is pulled from the net.
Output by the SimonT Hockey Simulator (STHS) for François Prévost -- Original Page W3C XHTML 1.0 Valid